 Dungeon Crawl Stone Soup version 0.26-a0-6-g448add79b7 (webtiles) character file.

Game seed: 12822709811183792669, levelgen mode: deterministic

385 Echocat the Skirmisher (level 6, 0/84 HPs)
             Began as a Minotaur Berserker on May 24, 2020.
             Was a Priest of Trog.
             Succumbed to Sigmund's poison
             ... on level 2 of the Dungeon.
             The game lasted 00:07:39 (2102 turns).

Echocat the Skirmisher (Minotaur Berserker)         Turns: 2102, Time: 00:07:40

Health: 0/84       AC:  9    Str: 24    XL:     6   Next: 48%
Magic:  5/5        EV:  7    Int:  4    God:    Trog [***...]
Gold:   88         SH: 12    Dex:  9    Spells: 5/5 levels left

rFire    . . .     SeeInvis .   n - +2 rapier (elec)
rCold    . . .     Gourm    .   d - +0 tower shield
rNeg     . . .     Faith    .   b - +0 ring mail
rPois    .         Spirit   .   (helmet restricted)
rElec    .         Reflect  .   h - +2 cloak {Stlth+}
rCorr    .         Harm     .   (no gloves)
MR       .....                  (no boots)
Stlth    ..........             (no amulet)
HPRegen  0.24/turn              (no ring)
MPRegen  0.09/turn              (no ring)

@: berserking, lethally poisoned (0 -> -24), very quick
A: retaliatory headbutt, horns 2
a: Berserk, Trog's Hand, Renounce Religion


You were on level 2 of the Dungeon.
You worshipped Trog.
Trog was most pleased with you.
You were hungry.

You visited 1 branch of the dungeon, and saw 2 of its levels.

You collected 88 gold pieces.

Inventory:

Hand Weapons
 a - a +0 falchion
 e - a +1 short sword of freezing
 n - a +2 rapier of electrocution (weapon)
Armour
 b - a +0 ring mail (worn)
 d - a +0 tower shield (worn)
 h - a +2 cloak of stealth (worn)
 i - a +0 buckler
Scrolls
 j - 2 scrolls of remove curse
 k - a scroll of identify
Potions
 f - a potion of haste {unknown}
 g - 2 potions of mutation {unknown}
 l - a potion of magic {unknown}
Comestibles
 c - 3 rations
 m - a chunk of flesh


   Skills:
 * Level 5.2 Fighting
 + Level 4.5 Long Blades
 + Level 2.0 Throwing
 * Level 4.3 Armour
 * Level 4.0 Dodging
 + Level 1.7 Stealth


You had 5 spell levels left.
You didn't know any spells.
Your spell library was empty.

Dungeon Overview and Level Annotations

Branches:
Dungeon (2/15)

Altars:


Innate Abilities, Weirdness & Mutations

You reflexively headbutt those who attack you in melee.
You have a pair of horns on your head.


Message History

Your Fighting skill increases to level 5!
Your Throwing skill increases to level 2!
Your Armour skill increases to level 4!
Your Dodging skill increases to level 4!
You have reached level 6!
Your experience leads to an increase in your attributes!
Increase (S)trength, (I)ntelligence, or (D)exterity?
You feel stronger.
You feel a bit more experienced.
* * * LOW HITPOINT WARNING * * *
You feel sick.
You are too berserk!
* * * LOW HITPOINT WARNING * * *
You feel sick.
Things that are here:
a +2 scythe of venom; a +0 leather armour You are too berserk!
You are too berserk!
You feel a strong urge to attack something.
You die...

.##.#####.# #.###.######
.........(# #.........[.
..÷.....### ##.###.#####.
....###.# ######...##.# #.
###.# #.# #####........##.#
#. .##.#
#<####............##.# #÷
#.#.# #.#........#########.#
#. #...# #.#........# #.# #.
#.#####.#...>...@# #.# #.
...<...)........)# #.# #.
#########........#########.#
#.
##...####..................#
#.
.................###########
## ##...#####.......# #####
#########


There were no monsters in sight!

Vanquished Creatures
  Sigmund (D:2)
  An ogre (D:2)
  Jessica (D:2)
  Terence (D:2)
  3 adders (D:2)
  2 worms (D:2)
  2 dart slugs
  3 leopard geckos
  3 ball pythons (D:1)
  2 giant cockroaches
  7 goblins
  2 hobgoblins
  12 jackals
  6 bats
  9 frilled lizards
  6 kobolds
  8 rats
69 creatures vanquished.

Notes
Turn   | Place    | Note
-------+----------+-------------------------------------------
     0 | D:1      | Echocat the Minotaur Berserker began the quest for the Orb.
     0 | D:1      | Reached XP level 1. HP: 19/19 MP: 0/0
   249 | D:1      | Reached XP level 2. HP: 27/27 MP: 1/1
   438 | D:1      | Reached skill level 4 in Fighting
   493 | D:1      | Reached XP level 3. HP: 21/33 MP: 2/2
   784 | D:1      | Reached ** piety under Trog
  1276 | D:2      | Noticed Jessica
  1294 | D:2      | Killed Jessica
  1294 | D:2      | Reached skill level 1 in Throwing
  1294 | D:2      | Reached skill level 1 in Stealth
  1294 | D:2      | Reached XP level 4. HP: 30/41 MP: 3/3
  1405 | D:2      | Noticed an ogre
  1412 | D:2      | Killed an ogre
  1412 | D:2      | Reached XP level 5. HP: 47/47 MP: 4/4
  1699 | D:2      | Noticed Terence
  1739 | D:2      | Killed Terence
  2085 | D:2      | Noticed Sigmund
  2100 | D:2      | Killed Sigmund
  2100 | D:2      | Reached *** piety under Trog
  2100 | D:2      | Reached skill level 5 in Fighting
  2100 | D:2      | Reached XP level 6. HP: 4/56 MP: 5/5
  2100 | D:2      | HP: 3/84 [poisoned by Sigmund]
  2102 | D:2      | Succumbed to Sigmund's poison

Illustrated notes

Levels and vault maps discovered:
D:1:      onia_arrival_handbag, layout_basic, chequers_serial_rivers_small_a,
          st_stairs_6
D:2:      layout_loops_ring, uniq_jessica, uniq_terence, uniq_sigmund

Skill      XL: |  1  2  3  4  5 |
---------------+----------------+-----
Fighting       | 4 5 |  5.2
Armour         | 3 4 |  4.3
Long Blades    | 4 |  4.5
Throwing       | 1 2 |  2.0
Stealth        | 1 |  1.7
Dodging        | 3 4 |  4.0

Action                   |  1- 3 |  4- 6 || total
-------------------------+-------+-------++-------
Melee: Falchion          |    88 |    26 ||   114
       Headbutt          |    16 |    15 ||    31
       Short sword       |    15 |    29 ||    44
       Rapier            |       |    10 ||    10
Invok: Berserk           |       |     1 ||     1
  Use: Scroll            |     2 |     3 ||     5
  Eat: Chunk             |     1 |     3 ||     4
Armor: Animal skin       |    15 |       ||    15
       Leather armour    |    20 |       ||    20
       Ring mail         |     8 |    32 ||    40
Dodge: Dodged            |    79 |    23 ||   102
Block: Buckler           |     4 |     2 ||     6
       Tower shield      |       |     5 ||     5
       Rpst.: Falchion   |    15 |     8 ||    23

Table legend:
 A = Non-vault XP
 B = Vault XP
 C = Vault XP percentage of total XP
 D = Non-vault monster count
 E = Vault monster count
 F = Vault count percentage of total count
                 A         B        C        D         E       F
            +---------+---------+-------+---------+---------+-------
      Total |     262 |     288 |  52.4 |      61 |       8 |  11.6
            +---------+---------+-------+---------+---------+-------
        D:1 |      49 |       7 |  12.5 |      32 |       5 |  13.5
        D:2 |     213 |     281 |  56.9 |      29 |       3 |   9.4
            +---------+---------+-------+---------+---------+-------
